 Dungeon Crawl Stone Soup version 0.30-a0-878-gc727b3d3d6 (webtiles) character file.

Game seed: 12507434916146733475

56 112233 the Conjurer (level 3, -1/25 HPs)
             Began as an Octopode Reaver on Mar 12, 2023.
             Frozen to death by an endoplasm (5 damage)
             ... on level 2 of the Dungeon.
             The game lasted 00:01:17 (1363 turns).

112233 the Conjurer (Octopode Reaver)               Turns: 1363, Time: 00:01:18

Health: -1/25      AC:  1    Str: 11    XL:     3   Next: 95%
Magic:  6/6        EV: 13    Int: 17    God:
Gold:   141        SH:  0    Dex: 10    Spells: 3/6 levels left

rFire   . . .      SeeInvis .    a - +0 falchion
rCold   . . .      Faith    .    (no shield)
rNeg    . . .      Spirit   .    (helmet restricted)
rPois   .          Reflect  .    (no amulet)
rElec   .          Rampage  .    i - ring of flight
rCorr   .                        (no ring)
Will    .....                    (no ring)
Stlth   ++                       (no ring)
HPRegen 0.24/turn                (no ring)
MPRegen 0.10/turn                (no ring)
                                 (no ring)
                                 (no ring)

@: lethally poisoned (-1 -> -5), flying, invisible
A: almost no armour, amphibious, 8 rings, camouflage 1, gelatinous body 1,
(nimble swimmer 1), tentacles
a: no special abilities


You were on level 2 of the Dungeon.
You visited 1 branch of the dungeon, and saw 2 of its levels.

You collected 141 gold pieces.

Inventory:

Hand Weapons
 a - a +0 falchion (weapon)
 j - a +0 antimagic spear
Jewellery
 i - a ring of flight (left tentacle)
Scrolls
 c - a scroll of brand weapon {unknown}
 d - a scroll of teleportation {unknown}
 e - a scroll of identify {unknown}
 f - a scroll of torment {unknown}
 k - a scroll of fear {unknown}
 l - a scroll of noise {unknown}


   Skills:
 + Level 2.6 Fighting
 - Level 3.1 Long Blades
 + Level 2.5 Dodging
 + Level 2.4 Spellcasting
 + Level 3.4 Conjurations


You had 3 spell levels left.
You knew the following spells:

 Your Spells              Type           Power      Damage    Failure   Level
a - Kiss of Death         Conj/Necr      28%        2d7       9%          1
b - Momentum Strike       Conj/Tloc      14%        3d8       14%         2

Your spell library contained the following spells:

 Spells                   Type           Power      Damage    Failure   Level
 Hailstorm                Conj/Ice       7%         3d4       26%         3
 Leda's Liquefaction      Hex/Erth       1%         N/A       88%         4
 Lee's Rapid Deconstruct  Erth           1%         3d4*      99%         5
 Statue Form              Tmut/Erth      1%         N/A       100%        6


Dungeon Overview and Level Annotations

Branches:
Dungeon (2/15)

Altars:

Annotations:
D:1 2 transporters


Innate Abilities, Weirdness & Mutations

You cannot wear most types of armour.
You are amphibious.
You can wear up to eight rings at the same time.
Your skin changes colour to match your surroundings (Stealth+).
Your rubbery body absorbs attacks. (AC +1, EV +1)
((You are camouflaged when in or above water. (Stealth+)))
You have tentacles for arms and can constrict up to eight enemies at once.


Message History

The bat is severely wounded.
You constrict the bat.
You kill the bat!
The adder misses you.
You closely miss the adder. Your grab misses the adder. The adder bites you.
You are poisoned.
The adder poisons you!
You closely miss the adder. Your grab misses the adder.
You feel sick. The adder bites you.
You are more poisoned.
The adder poisons you! The adder closely misses you.
You miss the adder. Your grab misses the adder.
You feel sick. The adder bites you but does no damage.
You barely miss the adder. You grab the adder. You constrict the adder.
You feel sick. The adder bites you. x2
You are lethally poisoned!
The adder poisons you!
You are too injured to fight recklessly!
Unknown command.
You are too injured to fight recklessly!
It was a potion of flight.
You feel more buoyant.
You constrict the adder.
* * * LOW HITPOINT WARNING * * *
You feel very sick. The adder closely misses you.
It was a potion of invisibility.
You fade into invisibility!
You constrict the adder.
* * * LOW HITPOINT WARNING * * *
You feel sick. The adder barely misses you.
Unknown command.
Unknown command.
You catch the helpless adder completely off-guard!
You hit the adder.
You kill the adder!
* * * LOW HITPOINT WARNING * * *
You feel sick. The endoplasm freezes you.
You die...

## #### #. ...# #. ...#
#.
###################...#
#######.
#...............@J....+
........
..#################...#
##......
................# ...#
#......
....###########'###...#
#...... ..รท.#
#....##### ........
....# #.....# ........
....# #.....###
........ ....#
#.......### #######+
....# #######...## #..


You could see an endoplasm.

Vanquished Creatures
  2 adders (D:2)
  6 bats
  4 endoplasms (D:1)
  5 giant cockroaches
  3 goblins (D:2)
  A hobgoblin (D:1)
  2 jackals (D:1)
  2 quokkas (D:1)
  6 ball pythons
  4 frilled lizards
  4 kobolds
  5 rats
44 creatures vanquished.

Notes
Turn   | Place    | Note
-------+----------+-------------------------------------------
     0 | D:1      | 112233 the Octopode Reaver began the quest for the Orb.
     0 | D:1      | Reached XP level 1. HP: 14/14 MP: 3/3
   119 | D:1      | Reached XP level 2. HP: 10/19 MP: 5/5
   693 | D:1      | Reached XP level 3. HP: 24/24 MP: 6/6
  1290 | D:2      | Learned a level 2 spell: Momentum Strike
  1363 | D:2      | Frozen to death by an endoplasm

Illustrated notes

Levels and vault maps discovered:
D:1:      spicycebolla_arrival_transporter_tutorial, layout_loops_cross
D:2:      layout_basic, chequers_garden, grunt_ministairs_15, uniq_terence

Action                     || total
---------------------------++-------
  Melee: Falchion          ||    81
         Constrict         ||    16
         Tentacles         ||    12
         Punch             ||     2
    Use: Potion            ||     3
   Stab: Sleeping          ||    11
         Invisible         ||     1
 Armour: Skin              ||     7
  Dodge: Dodged            ||    51

Table legend: (Time is in decaauts)
 A = Elapsed time spent in this place.
 B = Non-inter-level travel time spent in this place.
 C = Inter-level travel time spent in this place.
 D = Time resting spent in this place.
 E = Time spent auto-exploring this place.
 F = Levels seen in this place.
 G = Mean time per level.
                   A        B        C        D        E       F      G
               +--------+--------+--------+--------+--------+-----+--------+
         Total |   1374 |   1332 |     42 |    186 |    886 |   2 |  687.0 |
       Dungeon |   1374 |   1332 |     42 |    186 |    886 |   2 |  687.0 |
               +--------+--------+--------+--------+--------+-----+--------+

Top non-repeatable levels by time:
     D:1: 902 daAuts
     D:2: 471 daAuts
